 Dungeon Crawl Stone Soup version 0.32-a0-913-g739538afd8 (webtiles) character file.

Game seed: 11654063283619541749

5 uglyjohn the Firebug (level 1, 0/14 HPs)
             Began as a Mountain Dwarf Fire Elementalist on Apr 9, 2024.
             Slain by a jackal (1 damage)
             ... on level 1 of the Dungeon.
             The game lasted 00:00:46 (88 turns).

uglyjohn the Firebug (MDFE)                           Turns: 88, Time: 00:00:47

Health: 0/14       AC:  2    Str: 10    XL:     1   Next: 66%
Magic:  0/3        EV: 10    Int: 15    God:
Gold:   0          SH:  0    Dex: 10    Spells: 2/3 levels left

rFire   . . .        (no weapon)
rCold   . . .        (no shield)
rNeg    . . .        a - +0 robe
rPois   .            (no helmet)
rElec   .            (no cloak)
rCorr   .            (no gloves)
SInv    .            (no boots)
Will    .....        (no amulet)
Stlth   ++           (no ring)
HPRegen 0.22/turn    (no ring)
MPRegen 0.08/turn

%: no passive effects
@: very slightly contaminated
A: runic magic, artefact enchanting
a: no special abilities


You were on level 1 of the Dungeon.
You visited 1 branch of the dungeon, and saw 1 of its levels.

Inventory:

Armour
 a - a +0 robe (worn)
Potions
 b - a potion of magic


   Skills:
 + Level 0.4 Armour
 - Level 1.3 Dodging
 - Level 1.4 Stealth
 + Level 1.9 Spellcasting
 + Level 1.1 Conjurations
 + Level 3.7 Fire Magic


You had 2 spell levels left.
You knew the following spells:

 Your Spells              Type           Power      Damage    Failure   Level
a - Foxfire               Conj/Fire      32%        2x1d5     9%          1

Your spell library contained the following spells:

 Spells                   Type           Power      Damage    Failure   Level
 Scorch                   Fire           24%        2d6       8%          2
 Inner Flame              Hex/Fire       7%         N/A       30%         3
 Volatile Blastmotes      Fire/Tloc      14%        2d11      30%         3
 Flame Wave               Conj/Fire      8%         2d5       63%         4


Dungeon Overview and Level Annotations

Branches:
Dungeon (1/15)

Altars:


Innate Abilities, Weirdness & Mutations

Your spellcasting is much less encumbered by armour.
You can use scrolls of enchantment on lesser artefacts.


Message History

Your foxfire dissipates!
You conjure some foxfire!
A kobold comes into view. It is wielding a +0 club.
The foxfire hits the jackal.
The jackal is heavily wounded.
The foxfire hits the jackal.
The jackal is almost dead.
The jackal closely misses you.
A rat comes into view.
You conjure some foxfire!
The rat squeaks loudly.
The jackal bites you. The jackal closely misses you. The jackal bites you.
The foxfire hits the jackal.
The jackal is severely wounded.
The foxfire hits the jackal.
You kill the jackal!
The jackal closely misses you. The jackal attacks as it pursues you!
The jackal bites you. The jackal misses you.
The jackal attacks as it pursues you!
The jackal bites you but does no damage.
The jackal bites you. The jackal closely misses you. The jackal misses you.
The jackal barely misses you.
You are too injured to fight recklessly!
Casting: Foxfire (safe; 9% risk of failure)
Confirm with . or Enter, or press ? or * to list all spells.
You miscast Foxfire.
You are very lightly contaminated with residual magic.
Nothing appears to happen.
The jackal bites you but does no damage.
The jackal bites you. The jackal attacks as it pursues you!
The jackal bites you.
* * * LOW HITPOINT WARNING * * *
The jackal attacks as it pursues you! The jackal barely misses you. x2
The jackal attacks as it pursues you! The jackal bites you.
* * * LOW HITPOINT WARNING * * *
The jackal bites you.
You die...

#.............
######.r...........
##..r..K.........#.
#...##♣♣♣.♣♣♣##..#
#..K# ♣⌠♣ ....
#...♣♣♣♣♣.♣♣♣♣♣..#..
#......⌠.<.⌠.....
#.hh♣♣♣♣♣.♣♣♣♣♣..
#..@# ♣⌠♣ #...# ♣.♣
#.... ... #..... ...
####### ##. ..


You could see 2 jackals, a kobold and a rat.

Vanquished Creatures
  4 jackals (D:1)
4 creatures vanquished.

Vanquished Creatures (others)
  12 foxfires (D:1)
12 creatures vanquished.

Grand Total: 16 creatures vanquished

Notes
Turn   | Place    | Note
-------+----------+-------------------------------------------
     0 | D:1      | uglyjohn the Mountain Dwarf Fire Elementalist began the
                  | quest for the Orb.
     0 | D:1      | Reached XP level 1. HP: 14/14 MP: 3/3
    19 | D:1      | Reached skill level 1 in Conjurations
    88 | D:1      | Slain by a jackal

Illustrated notes

Levels and vault maps discovered:
D:1:      scummos_arrival_forest, layout_loops_ring

Skill      XL: |  1 |
---------------+----+-----
Conjurations   | 1 |  1.1
Armour         | |  0.4
Dodging        | |  1.3
Stealth        | |  1.4
Spellcasting   | |  1.9
Fire Magic     | |  3.7

Action                     || total
---------------------------++-------
  Melee: Unarmed           ||     6
   Cast: Foxfire           ||     7
 Armour: Robe              ||    17
  Dodge: Dodged            ||    19

Table legend: (Time is in decaauts)
 A = Elapsed time spent in this place.
 B = Non-inter-level travel time spent in this place.
 C = Inter-level travel time spent in this place.
 D = Time resting spent in this place.
 E = Time spent auto-exploring this place.
 F = Levels seen in this place.
 G = Mean time per level.
                   A        B        C        D        E       F      G
               +--------+--------+--------+--------+--------+-----+--------+
         Total |     88 |     88 |      0 |      0 |     42 |   1 |   88.0 |
       Dungeon |     88 |     88 |      0 |      0 |     42 |   1 |   88.0 |
               +--------+--------+--------+--------+--------+-----+--------+

Top non-repeatable levels by time:
     D:1: 88 daAuts
